 Dungeon Crawl Stone Soup version 0.21.1-1-g345015fe64 (webtiles) character file.

57 Holzbalken the Charmwright (level 3, 27/27 HPs)
             Began as a Vampire Skald on July 3, 2018.
             Quit the game on level 1 of the Dungeon.
             The game lasted 00:08:01 (1498 turns).

Holzbalken the Charmwright (Vampire Skald)          Turns: 1498, Time: 00:08:01

Health: 27/27      AC:  3    Str: 10    XL:     3   Next: 73%
Magic:  6/6        EV: 12    Int: 16    God:
Gold:   54         SH:  0    Dex: 13    Spells: 5/6 levels left

rFire    . . .     SeeInvis +   a - +0 falchion
rCold    + . .     Gourm    .   (no shield)
rNeg     + + .     Faith    .   b - +0 leather armour
rPois    +         Spirit   .   (no helmet)
rElec    .         Reflect  .   (no cloak)
rCorr    .         Harm     .   (no gloves)
MR       .....                  (no boots)
Stlth    ++........             (no amulet)
HPRegen  0.04/turn              (no ring)
MPRegen  0.10/turn              (no ring)

@: regenerating slowly
A: fangs 3, see invisible, unbreathing
a: Bat Form


You were on level 1 of the Dungeon.
You were thirsty.

You visited 1 branch of the dungeon, and saw 2 of its levels.

You collected 54 gold pieces.

Inventory:

Hand Weapons
 a - a +0 falchion (weapon)
Armour
 b - a +0 leather armour (worn)
Jewellery
 i - an uncursed ring of stealth {unknown}
Scrolls
 e - a scroll of teleportation {unknown}
 g - 2 scrolls of identify {unknown}
 j - a scroll of remove curse {unknown}
 k - a scroll of fear {unknown}
 m - a scroll of noise {unknown}
 o - a scroll of immolation {unknown}
Potions
 d - 13 potions of blood
 f - 3 potions of lignification {unknown}
 h - a potion of agility {unknown}
 l - a potion of brilliance {unknown}
 n - a potion of curing {unknown}
Books
 c - a book of Battle

   Spells                             Type                      Level
   a - Infusion                       Charms                       1
   b - Shroud of Golubria             Charms/Translocation         2
   c - Song of Slaying                Charms                       2
   d - Spectral Weapon                Hexes/Charms                 3
   e - Regeneration                   Charms/Necromancy            3


   Skills:
 + Level 2.1 Fighting
 + Level 2.4 Long Blades
 + Level 1.3 Armour
 + Level 2.6 Dodging
 + Level 2.2 Spellcasting
 + Level 3.7 Charms


You had 5 spell levels left.
You knew the following spells:

 Your Spells              Type           Power        Failure   Level  Hunger
a - Infusion              Chrm           ##..         5%          1    #......


Dungeon Overview and Level Annotations

Branches:
Dungeon (2/15)

Altars:
Ashenzari


Innate Abilities, Weirdness & Mutations

You heal slowly.
You have razor-sharp teeth.
You have supernaturally acute eyesight. (SInv)
You can survive without breathing.


Message History

Unknown command.
There is a stone staircase leading up here.
You start resting.
Your magical infusion is running out.
You start resting.
You are no longer magically infusing your attacks.
You start resting.
Magic restored.
You start resting.
A frilled lizard comes into view.
A frilled lizard is nearby!
You climb upwards.
There is a stone staircase leading down here.
You start resting.
You are feeling thirsty.
You start resting.
HP restored.
Quiver which item? (- for none, * to show all) (? for menu, Esc to quit)
Okay, then.
Are you sure you want to abandon this character and quit the game? (Confirm with "yes".)

..# #.###....#.# #.##
######.###..#.#.#
...###....#...#..#.#.#
#...##........#..#.#.#
#.#.#.........#....#.###########
#.#....#.........#.............#
#.##...#.####.#..#.#.......###.#
#.##...#.####.#..#.#.........#.#
................@#.#.......#.#.#
####..##)##.#.#..#.#########.#.#
...#..##.#).#.#..#...........#.##
............#.#...############...
.......#.#..#.##..# ####
....##...#..#.##..#
....###..#..#.##..###### ....#
#..#..#.##..#....# ....#
##.#..#.##..#.##.#


There were no monsters in sight!

Vanquished Creatures
  2 adders (D:2)
  An ooze (D:1)
  2 dart slugs (D:1)
  A leopard gecko (D:1)
  4 giant cockroaches (D:1)
  6 goblins
  2 hobgoblins (D:1)
  A kobold (D:1)
  A ball python (D:1)
  4 bats (D:1)
  5 rats
29 creatures vanquished.

Notes
Turn   | Place    | Note
-------+----------+-------------------------------------------
     0 | D:1      | Holzbalken the Vampire Skald began the quest for the Orb.
     0 | D:1      | Reached XP level 1. HP: 16/16 MP: 3/3
   255 | D:1      | Reached XP level 2. HP: 21/22 MP: 1/5
   535 | D:1      | Reached skill level 1 in Armour
   754 | D:1      | Reached XP level 3. HP: 22/27 MP: 6/6
  1151 | D:2      | Found a shattered altar of Ashenzari.
  1498 | D:1      | Quit the game

Skill      XL: |  1  2 |
---------------+-------+-----
Fighting       | 2 |  2.1
Armour         | 1 |  1.3
Long Blades    | |  2.4
Dodging        | |  2.6
Spellcasting   | |  2.2
Charms         | |  3.7

Action                   || total
-------------------------++-------
Melee: Falchion          ||    89
       Bite              ||     7
 Cast: Infusion          ||     8
  Use: Potion            ||     1
Armor: Leather armour    ||    19
Dodge: Dodged            ||    51
       Rpst.: Falchion   ||    15
